[Event "Late-Titled-Tuesday-Blitz-May-28-2024"]
[Site "Chess.com"]
[Date "2024.05.28"]
[Round "6"]
[White "andrew-blr"]
[Black "Balla_Tamas"]
[Result "1-0"]
[WhiteElo "2632"]
[BlackElo "2455"]
[TimeControl "180+1"]
[EndTime "15:08:11 PDT"]
[Termination "andrew-blr won by checkmate"]

1. d4 d5 2. c4 e6 3. Nc3 c5 4. cxd5 exd5 5. Nf3 Nc6 6. g3 Nf6 7. Bg2 cxd4 8. Nxd4 Bc5 9. Nxc6 bxc6 10. O-O O-O 11.
Na4 Bb6 12. b3 Re8 13. Bb2 Ba6 14. Bf3 Ne4 15. Rc1 Rc8 16. Nxb6 axb6 17. Qd4 Nf6 18. Rfe1 c5 19. Qa4 Bb7 20. Qa7 Qc7 21. Qa4 d4 22. Qc4 Bxf3 23. exf3 Qd7 24. a4 Qf5 25. Kg2 h6 26. b4 Rxe1 27. Rxe1 Qd5 28. Rc1 Rd8 29. bxc5 bxc5 30. Qxc5 Qxc5 31. Rxc5 d3 32. Rc1 Nd7 33. Rd1 Nc5 34. a5 Nb3 35. Bc3 d2 36. a6 Ra8 37.
Bxd2 Rxa6 38. Bc3 Rc6 39. Rd8+ Kh7 40. Be5 Nc5 41. f4 Ne6 42. Rd7 Kg8 43. f5 Ng5 44. h4 Ne4 45. Bd4 Rc2 46. Kf3 Nc3 47. f6 g6 48. Rd8+ Kh7 49. Rc8 Rd2 50. Bxc3 Rd3+ 51. Kg2 Rd6 52. Rc7 h5 53. Rxf7+ Kh6 54. Rc7 g5 55.
hxg5+ Kxg5 56. f7 h4 57. gxh4+ Kg4 58. f8=Q Rg6 59. Qf3+ Kxh4+ 60. Kf1 Kg5 61. Rc5+ Kh6 62. Qh3# 1-0

[Event "Late-Titled-Tuesday-Blitz-May-28-2024"]
[Site "Chess.com"]
[Date "2024.05.28"]
[Round "6"]
[White "whiteshirt_boi"]
[Black "swayamsm"]
[Result "0-1"]
[WhiteElo "2780"]
[BlackElo "2578"]
[TimeControl "180+1"]
[EndTime "15:08:12 PDT"]
[Termination "swayamsm won by resignation"]

1. e4 e5 2. Nf3 Nc6 3. Bc4 Nf6 4. d3 Be7 5. O-O O-O 6. a4 d6 7. h3 Be6 8. Nc3 Qd7 9. Be3 Kh8 10. Re1 Rae8 11.
Bg5 Ng8 12. Nd5 Nd4 13. Nxe7 Nxf3+ 14. Qxf3 Nxe7 15. a5 Ng6 16. Be3 a6 17. Qg3 f5 18.
exf5 Rxf5 19. Bxe6 Qxe6 20. Qg4 Qf7 21. Ra4 c5 22. b4 cxb4 23. Rxb4 Re7 24. Reb1 h5 25.
Qc4 Qxc4 26. Rxc4 Kh7 27. f3 Rd7 28. Rc8 Rff7 29. c4 Ne7 30. Ra8 Nc6 31. Bb6 d5 32.
Re1 dxc4 33. dxc4 Rd2 34. Re8 Rc2 35. Re4 Rd7 36. Be3 Kg6 37. Re6+ Kf7 38. R6xe5 Nxe5 39. Rxe5 Rd1+ 40. Kh2 Re1 41. Kg3 h4+ 42. Kf4 Rxg2 43.
Rf5+ Ke6 44. Re5+ Kd7 45. Rd5+ Ke6 46. Re5+ Kf7 47. Rf5+ Kg6 48. Rd5 Kh7 49. Bd4 Rg3 50. Rh5+ Kg6 51. Rxh4 Rg2 52. Rg4+ Rxg4+ 53. hxg4 Rc1 54.
c5 Rc4 55. Ke5 Kf7 56. g5 Ra4 57. Bc3 Ra3 58. Kd4 g6 59. Kc4 Ke6 60. f4 Kf5 61. Kb4 Ra2 62. Be5 Ke4 63. Bd6 Kd5 64.
Be7 Rb2+ 65. Kc3 Rb5 66. f5 gxf5 67. g6 Ke6 68. g7 Kf7 69. Bf8 Rxa5 70. Kd4 Ra4+ 71.
Ke5 f4 0-1

[Event "Late-Titled-Tuesday-Blitz-May-28-2024"]
[Site "Chess.com"]
[Date "2024.05.28"]
[Round "6"]
[White "StoreySniper"]
[Black "Meri-Arabidze"]
[Result "1-0"]
[WhiteElo "2545"]
[BlackElo "2686"]
[TimeControl "180+1"]
[EndTime "15:08:12 PDT"]
[Termination "StoreySniper won on time"]

1. c4 e6 2. g3 Nf6 3. Bg2 d5 4. d4 Be7 5. Nf3 O-O 6. O-O dxc4 7. Qc2 b6 8. Qxc4 Bb7 9. Nc3 Nbd7 10. Bg5 c5 11.
Rfd1 Rc8 12. Qa4 Bc6 13. Qb3 Qc7 14. Rac1 Qb7 15. e4 h6 16. Bxf6 Nxf6 17. d5 exd5 18. exd5 Bd7 19. d6 Bd8 20. Ne5 Qb8 21. Nxd7 Nxd7 22.
Bh3 Qb7 23. Qb5 Ne5 24. Bxc8 Nf3+ 25. Kh1 Qxc8 26. Qe2 Nd4 27. Qe4 Bg5 28. f4 Bf6 29. Nd5 Qd8 30. Nxf6+ Qxf6 31. Qe5 Rd8 32. Qxf6 gxf6 33.
b4 Ne6 34. bxc5 Nxc5 35. Rd5 Kf8 36. Re1 Rd7 37. Kg2 Nb7 38. Re7 Rxe7 39. dxe7+ Kxe7 40. Rh5 Nd6 41. Rxh6 a5 42. Rh8 b5 43. Ra8 Nc4 44.
h4 f5 45. h5 Kf6 46. Rg8 Ne3+ 47. Kh3 Ng4 48. Ra8 a4 49. Ra5 Nf2+ 50. Kh4 Ne4 51. Rxb5 Nd2 52. Rb6+ Kg7 53. Ra6 Nf3+ 54. Kh3 Nd4 55. h6+ Kh7 56. Rxa4 Ne6 57. Ra7 Kxh6 58. Rxf7 Kg6 59. Ra7 Nd4 60. Ra6+ Kh5 61. a4 Ne2 62. a5 Ng1+ 63. Kg2 Ne2 64. Ra8 Kg4 65. a6 Nd4 66.
Rg8+ Kh5 67. a7 1-0

[Event "Late-Titled-Tuesday-Blitz-May-28-2024"]
[Site "Chess.com"]
[Date "2024.05.28"]
[Round "6"]
[White "ImportedItalianMaple"]
[Black "dozer80"]
[Result "1/2-1/2"]
[WhiteElo "2534"]
[BlackElo "2691"]
[TimeControl "180+1"]
[EndTime "15:08:13 PDT"]
[Termination "Game drawn by repetition"]

1. e4 e5 2. Nf3 d6 3. d4 Nd7 4.
Nc3 Ngf6 5. Bc4 Be7 6. O-O O-O 7. Re1 c6 8. a4 a5 9. h3 Qc7 10. Be3 h6 11. Ba2 Re8 12. Nh4 Nf8 13. Qf3 Ne6 14. dxe5 dxe5 15. Nf5 Kh7 16. Qg3 Nh5 17. Qg4 g6 18. Bxh6 Bc5 19. Be3 Bxe3 20. fxe3 Neg7 21. Qh4 gxf5 22. g4 fxg4 23. hxg4 Rg8 24. Kf2 Be6 25.
Bxe6 fxe6 26. gxh5 Raf8+ 27. Ke2 Qb6 28. Qg5 Nf5 29.
Qxg8+ Kxg8 30. exf5 Qxb2 31. Rg1+ Kh7 32. Ne4 Qxc2+ 33.
Nd2 Rxf5 34. Rg2 e4 35. Rag1 Qd3+ 36. Ke1 Qxe3+ 37. Kd1 Qd3 38. Rg7+ Kh6 39. Rg8 Qd4 40. R1g6+ Kxh5 41. Rg2 Rf4 42. Ke2 e3 43. R2g5+ Kh4 44.
Nf3+ Rxf3 45. Kxf3 e2 46. Rg1 e1=N+ 47. Rxe1 Qf6+ 48. Ke2 Qe5+ 49. Kf1 Qf5+ 50. Ke2 Qe4+ 51. Kd1 Qxa4+ 52. Kd2 Qb4+ 53. Kd1 Qd4+ 54. Ke2 Qe4+ 55. Kd1 Qd5+ 56. Ke2 Qe5+ 57. Kd1 Qd5+ 58. Ke2 Qc4+ 59. Kd1 Qd4+ 60. Ke2 Qe4+ 61. Kd1 Qd3+ 62. Kc1 Qc3+ 63. Kd1 Qa1+ 64. Kd2 Qb2+ 65. Kd1 Qb3+ 66. Kd2 Qb4+ 67. Kd1 Qb1+ 68. Kd2 Qb2+ 69. Kd1 Qb3+ 70. Kd2 Qd5+ 71. Kc1 Qc4+ 72. Kd1 Qd3+ 73. Kc1 Qc3+ 74. Kd1 Qb3+ 1/2-1/2

[Event "Late-Titled-Tuesday-Blitz-May-28-2024"]
[Site "Chess.com"]
[Date "2024.05.28"]
[Round "6"]
[White "ural58"]
[Black "bazar-wokzal"]
[Result "1-0"]
[WhiteElo "2441"]
[BlackElo "2591"]
[TimeControl "180+1"]
[EndTime "15:08:20 PDT"]
[Termination "ural58 won by resignation"]

1. e4 Nc6 2. Nf3 d5 3. exd5 Qxd5 4. Nc3 Qa5 5. Bb5 Bd7 6. O-O a6 7. Bc4 O-O-O 8. Bxf7 Nf6 9. Bc4 Bg4 10. Be2 e5 11. d3 e4 12. Ne1 h5 13. Bd2 Nd4 14. f3 Qb6 15. Kh1 exf3 16. Bxf3 Nxf3 17. Nxf3 Qxb2 18.
Rb1 Qa3 19. Qe1 Bd6 20. Qf2 h4 21. Qa7 b6 22. Rb3 Qa5 23. Ne4 Qd5 24. Qxa6+ Qb7 25.
Qxb7+ Kxb7 26. Nxd6+ Rxd6 27. h3 Bxf3 28. Rxf3 Ra8 29.
a3 Rc6 30. c4 Re8 31. Be3 Rce6 32. Bf2 g5 33. c5 Nh5 34. cxb6 cxb6 35. Rf7+ Ka6 36.
Rb1 Rd8 37. Rf3 Nf4 38. d4 Re2 39. Kg1 Rc8 40. Rfb3 Nd5 41. R3b2 Rcc2 42. Rxc2 Rxc2 43. Re1 Ra2 44. Re5 Nf4 45. Rxg5 Rxa3 46. Bxh4 b5 47.
Rf5 Ne2+ 48. Kf1 Nxd4 49. Rf6+ Ka5 50. Be1+ b4 51. Rf8 Rd3 52. Rb8 Nc2 53. Bf2 Rd2 54.
h4 Ka4 55. h5 b3 56. h6 Rd1+ 57. Ke2 Rh1 58. Rb6 Ka3 59. g4 b2 60. g5 b1=Q 61.
Rxb1 Rxb1 62. h7 Rh1 63. g6 Nb4 64. g7 Rxh7 65. g8=Q Re7+ 66. Kf1 Re4 67. Qa8+ Kb2 68. Qxe4 Nc2 69. Bc5 1-0

[Event "Late-Titled-Tuesday-Blitz-May-28-2024"]
[Site "Chess.com"]
[Date "2024.05.28"]
[Round "6"]
[White "Supelyel"]
[Black "Naruna_Chan"]
[Result "1-0"]
[WhiteElo "2471"]
[BlackElo "2262"]
[TimeControl "180+1"]
[EndTime "15:08:21 PDT"]
[Termination "Supelyel won by resignation"]

1. c4 e5 2. Nc3 Nf6 3. Nf3 Nc6 4. g3 d5 5. cxd5 Nxd5 6. d3 Nxc3 7. bxc3 Be7 8. Bg2 O-O 9. Rb1 Bd6 10. O-O Rb8 11.
Nd2 Be6 12. Qc2 f5 13. a4 Kh8 14. c4 Nd4 15. Qd1 f4 16. Rxb7 Rxb7 17. Bxb7 c6 18.
e3 Qc7 19. exd4 Qxb7 20. Ne4 Qe7 21. Nxd6 Qxd6 22. dxe5 Qxe5 23. Bxf4 Qf6 24. Qe2 Bf5 25. Rd1 Qg6 26. Be5 Bg4 27. Qd2 Bxd1 28. Qxd1 Qf5 29. Qe2 c5 30. Qe3 Rd8 31. Qxc5 Qxd3 32. Qe7 Rg8 33.
Qxa7 Qxc4 34. Bd4 Qd5 35. h4 h6 36. a5 Qd8 37. a6 Qa8 38. Qb6 Kh7 39. Qb1+ Kh8 40.
Qb6 Kh7 41. Be5 Re8 42. Qb1+ Kh8 43. Qb2 Re7 44. a7 Qxa7 45. Bd4 Kh7 46. Bxa7 Rxa7 47. Qb1+ g6 48. Qd3 Rg7 49. Qe3 g5 50. Kg2 gxh4 51.
Qe4+ Rg6 52. Qxh4 Kg7 53. f4 Kf7 54. Qd8 Kg7 55. Qc7+ Kf6 56. Qc8 Kg7 57. Kh3 Rf6 58.
Kh4 Rf7 59. Qc3+ Kg6 60. Qd3+ Kg7 61. Qe3 Kg6 62. Qe4+ Kg7 63. Qe5+ Kg6 64. g4 Kh7 65. f5 Rg7 66. Qe6 Kh8 67. Qf6 Kh7 68. Kg3 h5 69.
g5 Kh8 70. Kh4 Kg8 71. g6 Rh7 72. gxh7+ Kxh7 73. Qg5 1-0

[Event "Late-Titled-Tuesday-Blitz-May-28-2024"]
[Site "Chess.com"]
[Date "2024.05.28"]
[Round "6"]
[White "Kirill_Klukin"]
[Black "ansko1999"]
[Result "1-0"]
[WhiteElo "2886"]
[BlackElo "2601"]
[TimeControl "180+1"]
[EndTime "15:08:22 PDT"]
[Termination "Kirill_Klukin won by checkmate"]

1. d4 d5 2. c4 c5 3. cxd5 Nf6 4. Nc3 Nxd5 5. e4 Nxc3 6. bxc3 cxd4 7. cxd4 g6 8. Nf3 Bg7 9. Be2 O-O 10. O-O Nc6 11.
Be3 Bg4 12. d5 Bxa1 13. Qxa1 Nb4 14. Bh6 f6 15. Bxf8 Kxf8 16. Nd4 Bd7 17. Qb2 Qb6 18. Rb1 Na6 19. Bxa6 Qxb2 20. Rxb2 bxa6 21. Rb7 Ke8 22. f3 Bc8 23. Rb2 Bd7 24. Kf2 Rc8 25. Ke3 Rc3+ 26.
Kf4 Bb5 27. Nxb5 axb5 28. Rxb5 Rc2 29. Rb8+ Kd7 30. Rb7+ Kd6 31. Rxa7 Rxg2 32. h4 h5 33. Ra6+ Kd7 34. Ra7+ Kd6 35. Ra8 g5+ 36. hxg5 Rxg5 37. a4 Rg2 38. a5 h4 39. Rd8+ Kc7 40. Rh8 Ra2 41. Rxh4 Rxa5 42. Rh8 Ra3 43. Re8 Kd7 44. Rb8 Kd6 45. Rb6+ Kd7 46. Kg4 Ra1 47. f4 Rf1 48.
Kf5 Rf2 49. Rb7+ Kd8 50. Ra7 Rf1 51. Ke6 Rxf4 52. Rd7+ Kc8 53. Rxe7 Rxe4+ 54. Kxf6 Rf4+ 55. Ke5 Rf1 56. Kd6 Rf6+ 57. Re6 Rf7 58. Re8+ Kb7 59.
Re7+ Rxe7 60. Kxe7 Kc7 61. d6+ Kc6 62. d7 Kb6 63.
d8=Q+ Ka7 64. Qd2 Ka6 65. Qb2 Ka7 66. Kd6 Ka8 67. Kc5 Ka7 68. Kc6 Ka8 69. Qb1 Ka7 70. Qb3 Ka8 71. Qb4 Ka7 72. Qb5 Ka8 73.
Kc7 Ka7 74. Kc8 Ka8 75. Qb4 Ka7 76. Qb3 Ka6 77. Qb2 Ka5 78. Qb1 Ka4 79. Kc7 Ka3 80.
Kc6 Ka4 81. Kc5 Ka5 82. Qa1# 1-0

[Event "Late-Titled-Tuesday-Blitz-May-28-2024"]
[Site "Chess.com"]
[Date "2024.05.28"]
[Round "6"]
[White "djjohnnywoo"]
[Black "Qvalda"]
[Result "0-1"]
[WhiteElo "2132"]
[BlackElo "2400"]
[TimeControl "180+1"]
[EndTime "15:08:23 PDT"]
[Termination "Qvalda won by resignation"]

1. b3 e5 2. Bb2 Nc6 3. e3 d5 4. Nf3 e4 5. Ng1 Nf6 6. d4 Bd6 7. a3 O-O 8. g3 Ng4 9. Nh3 f5 10. c4 Kh8 11. c5 Be7 12. Be2 Nf6 13. Nc3 Be6 14. Qc2 b6 15. Nf4 Bf7 16. b4 bxc5 17. bxc5 Rb8 18. Bb5 Na5 19. h4 c6 20. Ba4 Nc4 21. Bc1 Qa5 22. Bd2 Rb2 23. Nd1 Qxd2+ 24.
Qxd2 Rxd2 25. Bb3 Rb8 26. Bxc4 Rxd1+ 27. Kxd1 dxc4 28. Kc2 Nd5 29. Rhb1 Re8 30. Rb7 a5 31. Rab1 g5 32. Rb8 gxf4 33. Rxe8+ Bxe8 34. Rb8 Nf6 35. gxf4 Kg7 36. Rc8 Kf7 37. Ra8 Nd5 38. Rxa5 Bxh4 39.
Ra7+ Ke6 40. Rxh7 Bxf2 41. a4 Nxe3+ 42. Kc3 Be1+ 43. Kb2 Nd5 44. Rh6+ Nf6 45. Kc2 Bf7 46. Rh8 Kd5 47. Ra8 Kxd4 48. a5 Bxa5 49. Rxa5 Bd5 50. Ra8 Nh5 51. Rf8 Nxf4 52. Rxf5 Ne6 53. Rf6 Nxc5 54. Rh6 Nd3 55. Rh1 Nb4+ 56. Kc1 Na6 57. Rd1+ Ke5 58. Re1 Nc5 59. Rh1 Nd3+ 60. Kc2 Kd4 61.
Rh8 e3 62. Re8 Ne5 63. Kd1 Be4 64. Ke1 Bd3 65. Rd8+ Ke4 66. Re8 e2 67. Kd2 Kd4 68. Rd8+ Kc5 69. Re8 Nf3+ 70. Kc3 e1=Q+ 71. Rxe1 Nxe1 72.
Kd2 Nf3+ 73. Kc3 Ng5 74. Kd2 Nh7 0-1

[Event "Late-Titled-Tuesday-Blitz-May-28-2024"]
[Site "Chess.com"]
[Date "2024.05.28"]
[Round "6"]
[White "simaopdias"]
[Black "Lavandum24"]
[Result "1-0"]
[WhiteElo "2257"]
[BlackElo "1762"]
[TimeControl "180+1"]
[EndTime "15:08:23 PDT"]
[Termination "simaopdias won by checkmate"]

1. e4 Nc6 2. d4 e5 3. Nf3 d6 4. Nc3 Nf6 5. Bc4 Bg4 6. d5 Ne7 7. h3 Bxf3 8. Qxf3 Ng6 9. g3 Be7 10. Be3 O-O 11. O-O Qc8 12. Kh2 Ne8 13. g4 h6 14. Rg1 Bg5 15. Ne2 Nh4 16. Qg3 Be7 17. Bd3 g5 18. c4 Ng6 19. Rgc1 Nf4 20. Bxf4 exf4 21. Qg1 Nf6 22. f3 Nd7 23. b4 Ne5 24. Qd1 Nxf3+ 25. Kh1 Bf6 26. Rab1 Ne5 27. Nd4 Nxg4 28. hxg4 Bxd4 29. c5 Be5 30. Qf3 Qd7 31. c6 bxc6 32. Rxc6 Kg7 33. Rbc1 Rac8 34. Ba6 h5 35.
Bxc8 Rxc8 36. gxh5 g4 37. Qe2 Rh8 38. Rxc7 Rxh5+ 39. Kg1 Bd4+ 40. Kf1 Qa4 41. Qxg4+ Kf6 42. Rxf7+ Kxf7 43. Qxh5+ Ke7 44. Qh7+ Kf6 45. Qh8+ Kg5 46. Qxd4 Qxa2 47.
Qg7+ Kh4 48. Qh6+ Kg4 49. Qg6+ Kf3 50. Qh5+ Ke3 51. Re1+ Kd3 52. Qd1+ Kc4 53. Qe2+ Qxe2+ 54. Kxe2 Kxb4 55. Kf3 Kc4 56. Kxf4 Kd4 57. Rd1+ Kc4 58. Ra1 Kb5 59. Rxa7 Kb4 60. Rc7 Kb5 61. Rc6 Ka5 62. Ke3 Kb5 63. Kd4 Kb4 64. Rb6+ Ka5 65. Rxd6 Kb5 66. Rc6 Ka5 67. Kc4 Ka4 68. Ra6# 1-0

[Event "Late-Titled-Tuesday-Blitz-May-28-2024"]
[Site "Chess.com"]
[Date "2024.05.28"]
[Round "6"]
[White "SRob2003"]
[Black "Flaccidmoves"]
[Result "1-0"]
[WhiteElo "2681"]
[BlackElo "2499"]
[TimeControl "180+1"]
[EndTime "15:08:24 PDT"]
[Termination "SRob2003 won by checkmate"]

1. d4 Nf6 2. c4 g6 3. Nc3 d5 4.
h4 c5 5. cxd5 Nxd5 6. e4 Nxc3 7.
bxc3 Bg7 8. Be3 cxd4 9. cxd4 Qa5+ 10. Qd2 Qxd2+ 11. Kxd2 Nc6 12. Ne2 O-O 13. Rd1 Rd8 14. Kc1 e6 15. h5 b6 16. h6 Bh8 17. e5 Nb4 18. Nc3 Bb7 19. Kb2 f6 20. f4 g5 21.
Bc4 Nd5 22. Nxd5 Bxd5 23. Bxd5 Rxd5 24. g3 Rad8 25. Rc1 Kf7 26. Rc7+ R5d7 27. Rxd7+ Rxd7 28. Rc1 Rd8 29. Rc7+ Kg6 30. Re7 Kxh6 31. fxg5+ fxg5 32.
Rxe6+ Kh5 33. Re7 Kg4 34. Rxh7 Kxg3 35. Bxg5 Rg8 36. Bf6 Bxf6 37. exf6 Rf8 38. Rxa7 Rxf6 39. Re7 Kf3 40. Kc3 Rc6+ 41. Kb4 Rd6 42. Kc4 Rc6+ 43. Kd5 Rc2 44. Ra7 Kf4 45. a4 Kf5 46. Rf7+ Kg6 47.
Rb7 Rb2 48. Kc6 Kf5 49. Rxb6 Rc2+ 50. Kd5 Ra2 51. Rb4 Kf6 52. Rb6+ Ke7 53. Ra6 Kd8 54. Ra7 Kc8 55. a5 Kb8 56. Ra6 Kb7 57. Rb6+ Kc7 58. Rb5 Ra3 59. Rc5+ Kb7 60. Kc4 Ra1 61.
Kd5 Ka6 62. Kd6 Re1 63. d5 Rh1 64. Kc6 Rh8 65. d6 Rc8+ 66. Kd5 Rb8 67. d7 Rd8 68. Kd6 Kb7 69. Ke7 Ra8 70. d8=Q Rxd8 71. Kxd8 Ka7 72.
Kd7 Ka6 73. Kc6 Ka7 74. Rb5 Ka6 75. Rb7 Kxa5 76. Kc5 Ka6 77. Rc7 Ka5 78. Ra7# 1-0

[Event "Late-Titled-Tuesday-Blitz-May-28-2024"]
[Site "Chess.com"]
[Date "2024.05.28"]
[Round "6"]
[White "Fonsofan"]
[Black "rdarruda"]
[Result "1/2-1/2"]
[WhiteElo "2777"]
[BlackElo "2562"]
[TimeControl "180+1"]
[EndTime "15:08:25 PDT"]
[Termination "Game drawn - insufficient material"]

1. e4 c5 2. Nf3 Nc6 3. g3 Nf6 4. d3 d5 5. Nbd2 g6 6. Bg2 Bg7 7. O-O O-O 8. c3 dxe4 9. dxe4 b6 10. Qe2 Bb7 11. Re1 e6 12. e5 Nd5 13. Nc4 Ba6 14. Qe4 Bxc4 15. Qxc4 Qc7 16. Qe4 Rad8 17. h4 h6 18. Bd2 Rd7 19. Re2 Rfd8 20. Rae1 b5 21. c4 bxc4 22. Qxc4 Qb6 23. b3 Ndb4 24. Be3 Nd3 25. Rb1 Qb4 26. Rc2 Qxc4 27. Rxc4 Ncxe5 28. Nxe5 Bxe5 29. Bf1 Bd4 30. Bxd4 Rxd4 31. Bxd3 Rxd3 32. Rxc5 Rd1+ 33. Rxd1 Rxd1+ 34. Kg2 Rd7 35. Kf3 Kf8 36. Ke3 Ke7 37. Ra5 h5 38. b4 Kf6 39. a4 e5 40. b5 Kf5 41. Ra6 f6 42. Rc6 Rd4 43. Ra6 Rd7 44. a5 Rd5 45. Rxa7 Rxb5 46. a6 Rb3+ 47.
Ke2 Ra3 48. Kf1 Kg4 49. Kg2 e4 50. Rg7 Rxa6 51. Rxg6+ Kf5 52. Rh6 Ra2 53. Kf1 Ra1+ 54. Kg2 Ra2 55. Rxh5+ Kg4 56. Rh8 e3 57. Rg8+ Kf5 58.
Kf3 exf2 59. Kg2 Ke4 60. Re8+ Kf5 61. Rg8 Ke4 62. Re8+ Kf5 63. Re3 f1=Q+ 64. Kxf1 Kg4 65.
Re2 Ra3 66. Kf2 Rxg3 67. Re4+ Kf5 68. Kxg3 Kxe4 69. Kg4 f5+ 70. Kg5 f4 71. h5 f3 72. h6 f2 73. h7 f1=Q 74. h8=Q Qf5+ 75. Kh6 Qh3+ 76. Kg7 Qxh8+ 77. Kxh8 1/2-1/2

[Event "Late-Titled-Tuesday-Blitz-May-28-2024"]
[Site "Chess.com"]
[Date "2024.05.28"]
[Round "6"]
[White "ChEsper99"]
[Black "Roedor"]
[Result "1-0"]
[WhiteElo "2237"]
[BlackElo "2319"]
[TimeControl "180+1"]
[EndTime "15:08:36 PDT"]
[Termination "ChEsper99 won by resignation"]

1. e4 e5 2. Nf3 Nc6 3. Bb5 Nf6 4. O-O Nxe4 5. Re1 Nd6 6. Nxe5 Be7 7. Bf1 Nxe5 8. Rxe5 O-O 9. Nc3 Bf6 10. Re1 Re8 11.
Nd5 Rxe1 12. Qxe1 Bg5 13. g3 c6 14. Nc3 Ne8 15. h4 Be7 16. d4 d5 17. Bd3 g6 18. Bf4 Ng7 19. Qe2 Bf5 20. Re1 Bd6 21. Be5 Bxd3 22. Qxd3 Bxe5 23. Rxe5 Ne6 24. Ne2 Qf6 25.
c3 h5 26. a4 a5 27. Qe3 Kg7 28. Nc1 b6 29. Nd3 Ra7 30. Qe2 Rb7 31. Re3 b5 32. Rf3 Qe7 33. Ne5 Qd6 34. axb5 cxb5 35. Qd3 Nc5 36. Qc2 Ne4 37. Nd3 b4 38. cxb4 axb4 39. Nc5 Rc7 40. Nxe4 dxe4 41. Qxe4 Rc1+ 42. Kg2 Rd1 43.
Qe5+ Qxe5 44. dxe5 Re1 45. Rb3 Re4 46. Kf3 Rc4 47. Ke3 Kf8 48. Kd3 Rc5 49. Rxb4 Rxe5 50. Re4 Rb5 51. b4 f5 52. Rc4 Kf7 53. Kc3 Kf6 54.
Rc5 Rb8 55. b5 f4 56. Kc4 fxg3 57. fxg3 Ke6 58. Rg5 Kf6 59. Kc5 Rc8+ 60. Kb4 Rb8 61. Kc4 Rc8+ 62. Rc5 Rb8 63. Kb4 Rd8 64. b6 Rd1 65.
Kb5 Rb1+ 66. Kc6 Ke6 67. b7 g5 68. hxg5 Rc1 69. Rxc1 Kf5 70. Rh1 Kg4 71. Rxh5 Kxh5 72. b8=Q Kxg5 73. Qf4+ Kh5 74. g4+ Kg6 75. Qf5+ Kg7 76.
Kd6 Kg8 77. Ke6 Kh8 78. Qg5 Kh7 79. Kf7 1-0

[Event "Late-Titled-Tuesday-Blitz-May-28-2024"]
[Site "Chess.com"]
[Date "2024.05.28"]
[Round "6"]
[White "kinga2008"]
[Black "Bykov_Egor"]
[Result "1-0"]
[WhiteElo "2428"]
[BlackElo "2622"]
[TimeControl "180+1"]
[EndTime "15:08:37 PDT"]
[Termination "kinga2008 won by resignation"]

1. e4 c6 2. c4 d5 3. exd5 cxd5 4. d4 Nf6 5. Nc3 e6 6. Nf3 Bb4 7. cxd5 Nxd5 8. Bd2 Nc6 9. Bd3 Nce7 10. Nxd5 Bxd2+ 11. Qxd2 Qxd5 12. Rc1 O-O 13. b3 Bd7 14. Rc5 Qd6 15. Qe2 Bc6 16. Bxh7+ Kxh7 17. Ng5+ Kg8 18. Qh5 Be4 19. Nxe4 Qxd4 20. Ng5 Qd3 21. Rc1 Rad8 22.
Qe2 Qf5 23. h4 Rd4 24. g3 Qa5+ 25. Kf1 Qd5 26. Kg1 Rd2 27. Qh5 Qf5 28. Rh2 Rfd8 29. Rg2 Qg6 30. Qf3 Nc6 31. Ne4 Nd4 32. Qe3 Ne2+ 33. Kh2 Nxc1 34. Nxd2 Nxa2 35. Nc4 b6 36. Ne5 Qf5 37. Nc6 Rd3 38. Ne7+ Kf8 39. Nxf5 Rxe3 40.
Nxe3 Nc1 41. Rg1 Nxb3 42. Rb1 Nc5 43. Ra1 a6 44. Nc4 b5 45. Ne5 Ke7 46. Rc1 Nb3 47. Rc3 Nd2 48. Nc6+ Ke8 49. Nd4 Ne4 50. Rc6 a5 51.
Nxb5 Kd7 52. Ra6 Nxf2 53. Rxa5 Kc6 54. Nd4+ Kd6 55. Ra6+ Ke5 56. Nf3+ Ke4 57. Ng5+ Kf5 58. Nxf7 Ng4+ 59. Kh3 Ne3 60. Ra5+ Kf6 61. Ne5 Nd1 62. Ng4+ Kg6 63. Rg5+ Kf7 64. Ne5+ Kf6 65. Nd3 Ne3 66. Nf4 e5 67. Nh5+ Ke6 68. Nxg7+ Kf6 69. Ne8+ Ke7 70. h5 e4 71. h6 Nd1 72. h7 Nf2+ 73. Kg2 e3 74. h8=Q 1-0

[Event "Late-Titled-Tuesday-Blitz-May-28-2024"]
[Site "Chess.com"]
[Date "2024.05.28"]
[Round "6"]
[White "NajdorfPlayerc5"]
[Black "Sanyura"]
[Result "1/2-1/2"]
[WhiteElo "2444"]
[BlackElo "2608"]
[TimeControl "180+1"]
[EndTime "15:08:44 PDT"]
[Termination "Game drawn - insufficient material"]

1. d4 Nf6 2. Nc3 d5 3. Bf4 a6 4. e3 c5 5. Nf3 Nc6 6. Be2 Bf5 7. Ne5 e6 8. O-O Be7 9. Nxc6 bxc6 10. Na4 cxd4 11. exd4 O-O 12. Bd3 Bxd3 13. Qxd3 Qa5 14. b3 Qb5 15. Rfc1 Rfc8 16. c4 dxc4 17.
Qxc4 Rd8 18. Qxc6 Qxc6 19. Rxc6 Rxd4 20. Be3 Rd3 21. Rac1 h5 22. h3 Ba3 23. Rc8+ Rxc8 24. Rxc8+ Kh7 25. Ra8 Rd1+ 26. Kh2 Bd6+ 27. g3 h4 28.
Rxa6 hxg3+ 29. fxg3 Ne4 30. Rc6 Ra1 31. Rc2 Nxg3 32.
Kg2 Nf5 33. Bf2 e5 34. Nb6 e4 35.
Nc4 Bf4 36. Re2 g5 37. a4 Rb1 38. Rxe4 Rxb3 39. a5 Ng3 40. Re7 Rb4 41. a6 Rxc4 42.
a7 Ra4 43. Re8 Nf5 44. a8=Q Rxa8 45. Rxa8 Kg6 46. Ra6+ f6 47. Be1 Ne3+ 48. Kf3 Nd5 49. Ra5 Nc7 50. Bc3 f5 51. Rc5 Ne6 52. Rc6 Kf7 53. Ra6 Nc7 54. Rc6 Nd5 55. Bb2 Ne7 56. Ra6 Ke8 57. Bc3 Kf7 58. Bb2 Nd5 59.
Bd4 Ne7 60. Ra7 Ke6 61. Rb7 Nd5 62. Bc5 Be5 63. Ra7 Nf6 64. Ra6+ Kd5 65. Be7 g4+ 66. hxg4 fxg4+ 67. Kg2 Nh5 68. Ra4 Nf4+ 69. Kg3 Ng6+ 70.
Kxg4 Nxe7 71. Kf3 Nc6 72. Ra6 Nd4+ 73. Kg2 Ke4 74. Ra8 Nf5 75. Re8 Kf4 76. Rxe5 Kxe5 1/2-1/2

[Event "Late-Titled-Tuesday-Blitz-May-28-2024"]
[Site "Chess.com"]
[Date "2024.05.28"]
[Round "6"]
[White "CristhianPortalR"]
[Black "kalinchick"]
[Result "1-0"]
[WhiteElo "2544"]
[BlackElo "2367"]
[TimeControl "180+1"]
[EndTime "15:08:47 PDT"]
[Termination "CristhianPortalR won by checkmate"]

1. e4 e6 2. d4 d5 3. Nc3 dxe4 4. Nxe4 Nd7 5. Nf3 Ngf6 6. Nxf6+ Nxf6 7. Bd3 Be7 8. O-O O-O 9. c3 b6 10. Bc2 Bb7 11.
Qd3 Be4 12. Qe2 Bxc2 13. Qxc2 h6 14. Bf4 c5 15. dxc5 bxc5 16. Rad1 Qb6 17. Ne5 Rfd8 18. b3 Qa6 19. Nc4 Nd5 20. Be5 Bf6 21. Bxf6 Nxf6 22. Ne3 Nd5 23. Nc4 Nf6 24. Rfe1 Qc6 25. g3 h5 26. Ne5 Qc7 27. Nf3 Qa5 28. c4 Qc7 29. Qe2 a5 30. Qe3 Rd6 31. Rxd6 Qxd6 32. Qe5 Qxe5 33.
Rxe5 Rc8 34. Ne1 g6 35. Nd3 Nd7 36. Re1 Kf8 37. Kf1 Ra8 38. Nb2 Nb6 39. Re5 Nd7 40.
Re2 Ke7 41. Na4 Ra6 42. Rd2 Rd6 43. Ke2 e5 44. Nc3 Rd4 45. Nd5+ Ke6 46. Rc2 f5 47. Rc3 Kd6 48. f4 e4 49. Rc2 Nf8 50. Rd2 Ne6 51.
Nf6 Rxd2+ 52. Kxd2 Nd4 53. Nh7 Nf3+ 54. Ke3 Nxh2 55. Nf8 Nf1+ 56. Kf2 Nd2 57. Nxg6 Ke6 58. Nh4 a4 59. bxa4 Nxc4 60. Ng2 Kd5 61. Ke2 Nb6 62. Ne3+ Kc6 63. a5 Na4 64. Nxf5 Kb5 65. Nd6+ Kxa5 66. Nxe4 Kb4 67. f5 c4 68. f6 Nb6 69. f7 Nd7 70. Nf6 Nf8 71. Nd5+ Kc5 72. Nc3 Kd4 73. Kd2 Ne6 74.
a4 Kc5 75. a5 Nf8 76. Ke3 Kb4 77. a6 Kxc3 78. a7 Kc2 79. a8=Q c3 80. Qa4+ Kc1 81.
Kd3 c2 82. Qxc2# 1-0

[Event "Late-Titled-Tuesday-Blitz-May-28-2024"]
[Site "Chess.com"]
[Date "2024.05.28"]
[Round "6"]
[White "DanylaBagrov"]
[Black "JanMur7"]
[Result "1-0"]
[WhiteElo "2485"]
[BlackElo "2297"]
[TimeControl "180+1"]
[EndTime "15:08:49 PDT"]
[Termination "DanylaBagrov won by checkmate"]

1. e4 g6 2. d4 Bg7 3. Nc3 c5 4. Nf3 cxd4 5. Nxd4 Nc6 6. Be3 d6 7. h4 h5 8. Qd2 Nf6 9. f3 Bd7 10. Bc4 a6 11. a4 Rc8 12. Ba2 Ne5 13. O-O O-O 14.
Qe2 Qc7 15. Rfd1 Nc4 16. Bxc4 Qxc4 17. Qxc4 Rxc4 18. Nd5 Nxd5 19. exd5 Bxd4 20. Rxd4 Rxc2 21. Rb4 b5 22. axb5 Bxb5 23. Bg5 Re2 24. Rd1 Rc8 25. Rd2 Rc2 26. Rxc2 Rxc2 27. Bxe7 Rc1+ 28. Kh2 Rd1 29. Bxd6 Rxd5 30. Be7 Rd7 31. Bf6 Rd6 32. Bc3 Rc6 33.
Rd4 Rc8 34. Rd6 Re8 35. Rb6 Rc8 36. Kg3 Kf8 37. Kf4 Rc4+ 38. Kg5 Rc5+ 39. Kh6 Rc8 40. Bb4+ Kg8 41. Rb7 Re8 42. Bc3 Re6 43. g4 hxg4 44. fxg4 Re4 45. Kg5 Re8 46. h5 gxh5 47. gxh5 Re6 48.
Rb8+ Re8 49. Rb6 Re6 50. Rb7 Re2 51. h6 Rg2+ 52. Kf5 Rf2+ 53. Kg4 Re2 54. Bf6 Re6 55. Kf5 Bd3+ 56. Kg5 Bb5 57. Rc7 Re2 58. Be7 Rg2+ 59.
Kf5 Rf2+ 60. Kg5 Rg2+ 61. Kf4 Re2 62. Bf6 Re6 63. Kg5 Re2 64. Rc8+ Re8 65. Rc7 Re6 66.
Rc8+ Re8 67. Rc5 Re6 68. Rf5 Rc6 69. Rf4 Rc4 70. Rf5 Rc6 71. Re5 Re6 72. Rc5 Rc6 73. Rd5 Rc8 74. Rd6 Re8 75. Rd4 Re6 76. Kf5 Re8 77.
Rg4+ Kh7 78. Rg3 Re6 79. Rg7+ Kxh6 80. Rxf7 Rc6 81. Bg5+ Kh5 82. Rh7+ Rh6 83. Rxh6# 1-0